AoeStats
← Chill

Arabia

503128246Analyzed
1v1 RM · 2mo ago on Aug 30, 2026· 68m 28s· 2 players
Game mode
Random Map
Map size
Tiny (2 player)
Population
200
Speed
Normal
Resources
Standard
Victory
Conquest
Starting age
Dark Age
Ending age
Imperial Age
RankedLock teamsTeams togetherTeam positionsShared explorationLock speedFull tech treeHidden civsTurbo modeCheats
Victory
Defeat
🇺🇦 Goths · Ukraine
964
+14
vs
🇹🇼 Koreans · Taiwan
923
-14
Chill
0:27 Loom
15:28 Feudal Age
15:34 Man-at-Arms
18:47 Forging
25:26 Horse Collar
34:08 Fletching
34:45 Scale Mail Armor
42:05 Castle Age
46:23 Bodkin Arrow
47:22 Double-Bit Axe
50:37 Bow Saw
52:16 Gold Mining
52:01 Pikeman
57:39 Heavy Plow
63:22 Imperial Age
64:52 Bracer
68:32 Chain Mail Armor
68:52 Iron Casting
台灣大表哥
0:36 Loom
14:09 Feudal Age
14:30 Man-at-Arms
15:10 Horse Collar
35:40 Castle Age
37:03 Light Cavalry
37:46 Husbandry
46:41 Long Swordsman
48:25 Fletching
51:55 Bodkin Arrow
54:48 Murder Holes
56:32 Squires
58:09 Wheelbarrow
62:30 Double-Bit Axe
67:03 Imperial Age
65:00 Stone Mining
65:01 Gold Mining
67:24 Eupseong
Connection lost

Rejoining the realm…

Still unreachable

The connection could not be restored.

Session expired

The server has moved on; the page needs a fresh start.